 Dungeon Crawl Stone Soup version 0.20.0-15-g7f486f2 (webtiles) character file.

49 Hook the Ruffian (level 3, 0/28 HPs)
             Began as a Draconian Transmuter on June 20, 2017.
             Succumbed to an adder's poison
             ... on level 1 of the Dungeon.
             The game lasted 00:02:48 (1368 turns).

Hook the Ruffian (Draconian Transmuter)             Turns: 1368, Time: 00:02:49

Health: 0/28       AC:  5    Str: 12    XL:     3   Next: 53%
Magic:  6/6        EV: 12    Int: 14    God:
Gold:   17         SH:  0    Dex: 11    Spells: 6/7 levels left

rFire    . . .     SeeInvis .     - Unarmed
rCold    . . .     Gourm    .   (no shield)
rNeg     . . .     Faith    .   (armour unavailable)
rPois    .         Spirit   .   (helmet restricted)
rElec    .         Reflect  .   (no cloak)
rCorr    .         Harm     .   (no gloves)
MR       .....                  (no boots)
Stlth    +.........             (no amulet)
Regen    0.1/turn               (no ring)
MPRegen  0.1/turn               (no ring)

@: lethally poisoned (0 -> -4)
A: unfitting armour, cold-blooded, AC +5
a: no special abilities


You were on level 1 of the Dungeon.
You were not hungry.

You visited 1 branch of the dungeon, and saw 2 of its levels.

You collected 17 gold pieces.

Inventory:

Missiles
 a - 12 arrows
Scrolls
 d - a scroll of identify {unknown}
 e - a scroll of magic mapping {unknown}
Books
 b - a book of Changes

   Spells                             Type                      Level
   a - Beastly Appendage              Transmutation                1
   b - Sticks to Snakes               Transmutation                2
   c - Spider Form                    Transmutation/Poison         3
   d - Ice Form                       Ice/Transmutation            4
   e - Blade Hands                    Transmutation                5
Comestibles
 c - a bread ration
 f - 4 chunks of flesh
 g - a meat ration


   Skills:
 + Level 1.1 Fighting
 + Level 2.1 Dodging
 + Level 3.6 Unarmed Combat
 + Level 2.5 Spellcasting
 + Level 2.5 Transmutations


You had 6 spell levels left.
You knew the following spells:

 Your Spells              Type           Power        Failure   Level  Hunger
a - Beastly Appendage     Tmut           #.....       8%          1    #......


Dungeon Overview and Level Annotations

Branches:
Dungeon (2/15)

Altars:


Innate Abilities, Weirdness & Mutations

Your plain brown scales are hard. (AC +5)
You cannot fit into any form of body armour.
You are cold-blooded and may be slowed by cold attacks.


Message History

The adder closely misses you.
You miss the adder.
The adder is almost dead.
* * * LOW HITPOINT WARNING * * *
You feel sick. The adder bites you but does no damage.
You closely miss the adder. You claw the adder.
You kill the adder!
You aren't wearing any rings or amulets.
Unknown command.
* * * LOW HITPOINT WARNING * * *
You feel sick.
There is a stone staircase leading up, spattered with blood here.
* * * LOW HITPOINT WARNING * * *
You feel sick.
You climb upwards.
There is a stone staircase leading down here.
Your talons disappear.
* * * LOW HITPOINT WARNING * * *
You feel sick.
You die...

##### #.# ##############
#######...#####.####.............
.................................
#######....####.#.##.###.########
......#...(####.#.##.# #.# ###
#####.#....#....#..#.# #.#####.#
### #.####'#....#..#.# #.......#
..###.###.......#..#.###.#####.#
................@...>#.....# #.##
#.###.##........#..#.#.#.#####...
#.# #.##........#..#...........##
#.# #.##....###.#....#.#.####..##
..# #.##....# #..)...............
..###.##.#.## #..#.........##..##
......##.#.####..#.###.#.####..#
#.###....#...............# #...#
#..#####.######..#.#.....# #...#


There were no monsters in sight!

Vanquished Creatures
  3 adders
  5 goblins (D:1)
  4 hobgoblins (D:1)
  A jackal (D:2)
  4 kobolds (D:1)
  2 frilled lizards
  4 rats
23 creatures vanquished.

Notes
Turn   | Place    | Note
-------+----------+-------------------------------------------
     0 | D:1      | Hook the Draconian Transmuter began the quest for the Orb.
     0 | D:1      | Reached XP level 1. HP: 16/16 MP: 3/3
   308 | D:1      | Reached XP level 2. HP: 23/23 MP: 3/5
  1091 | D:1      | Reached XP level 3. HP: 14/28 MP: 6/6
  1365 | D:1      | HP: 1/28 [poisoned by an adder]
  1368 | D:1      | Succumbed to an adder's poison

Skill      XL: |  1  2  3 |
---------------+----------+-----
Dodging        | 2 |  2.1
Fighting       | |  1.1
Unarmed Combat | |  3.6
Spellcasting   | |  2.5
Transmutations | |  2.5

Action                   || total
-------------------------++-------
Melee: Unarmed           ||    82
       Tailslap          ||     7
       Kick              ||     9
       Punch             ||     1
 Cast: Beastly Appendage ||    18
  Eat: Bread ration      ||     1
Armor: Skin              ||    31
Dodge: Dodged            ||    50
